 Dungeon Crawl Stone Soup version 0.24.0-123-gd5b16e6ec5 (webtiles) character file.

Game seed: 13380584640834100424, levelgen mode: deterministic

15158 FluffierThanThou the Fighter (level 11, -5/95 HPs)
             Began as a Demonspawn Fighter on Feb 3, 2020.
             Was a High Priest of Okawaru.
             Slain by an orc warrior
             ... wielding a +0 dire flail
              (9 damage)
             ... on level 1 of the Orcish Mines.
             The game lasted 00:23:38 (9939 turns).

FluffierThanThou the Fighter (Demonspawn Fighter)   Turns: 9939, Time: 00:23:38

Health: -5/95      AC: 12    Str: 20    XL:     11   Next: 98%
Magic:  11/11      EV:  9    Int: 12    God:    Okawaru [*****.]
Gold:   676        SH:  0    Dex: 13    Spells: 10/10 levels left

rFire    . . .     SeeInvis .   H - +1 battleaxe (chop)
rCold    . . .     Gourm    .   (shield currently unavailable)
rNeg     . . .     Faith    .   d - +0 scale mail {rPois}
rPois    +         Spirit   .   A - +2 hat {Int+3}
rElec    .         Reflect  .   (no cloak)
rCorr    .         Harm     .   (no gloves)
MR       .....                  (no boots)
Stlth    ..........             k - amulet of regeneration
HPRegen  6.65/turn              t - ring of poison resistance
MPRegen  0.12/turn              v - +2 ring of slaying

@: no status effects
A: horns 1, yellow scales 1, foul stench 1, powered by death 2, rot immunity
a: Heroism, Finesse, Renounce Religion


You were on level 1 of the Orcish Mines.
You worshipped Okawaru.
Okawaru was extremely pleased with you.
You were hungry.

You visited 3 branches of the dungeon, and saw 13 of its levels.

You collected 766 gold pieces.
You spent 90 gold pieces at shops.

Inventory:

Hand Weapons
 a - a +0 war axe
 f - a +2 whip of electrocution
   (You took it off a kobold on level 2 of the Dungeon)
 H - a +1 battleaxe of chopping (weapon)
   (You found it on level 9 of the Dungeon)
Missiles
 J - 3 throwing nets (quivered) {!f}
Armour
 b - a +0 scale mail
 c - a +0 shield
 d - a +0 scale mail of poison resistance (worn)
   (You found it on level 11 of the Dungeon)
 o - a +0 helmet
   (You found it on level 3 of the Dungeon)
 A - a +2 hat of intelligence (worn)
   (Okawaru gifted it to you on level 10 of the Dungeon)
 D - a +0 helmet
   (You found it on level 5 of the Dungeon)
 F - a +0 plate armour
   (You found it on level 6 of the Dungeon)
Jewellery
 h - an uncursed ring of protection from magic
   (You found it on level 1 of the Dungeon)
 k - an amulet of regeneration (around neck)
   (You found it on level 3 of the Dungeon)
 n - a -2 ring of dexterity
   (You found it on level 6 of the Dungeon)
 s - an uncursed amulet of harm {unknown}
   (You found it on level 9 of the Dungeon)
 t - a ring of poison resistance (left hand)
   (You found it on level 3 of the Dungeon)
 v - a +2 ring of slaying (right hand)
   (You found it on level 3 of the Dungeon)
 G - a +2 ring of dexterity
   (You found it on level 7 of the Dungeon)
 N - a +3 ring of evasion {unknown}
   (You found it on level 10 of the Dungeon)
Wands
 m - a wand of flame (23)
   (You took it off a crimson imp on level 8 of the Dungeon)
 u - a wand of iceblast (7)
   (You found it on level 11 of the Dungeon)
 K - a wand of paralysis (11)
   (You found it on level 9 of the Dungeon)
Scrolls
 g - 2 scrolls of enchant armour
 i - 6 scrolls of remove curse {@r2}
 q - 3 scrolls of fear
 x - a scroll of enchant weapon
 y - 2 scrolls of noise {unknown}
 z - 3 scrolls of fog
 C - 6 scrolls of teleportation {@r4}
 E - a scroll of amnesia
 M - a scroll of blinking {unknown}
 O - 2 scrolls of identify {@r1}
Potions
 j - a potion of brilliance
 l - a potion of degeneration {!q}
 p - a potion of magic
 r - 3 potions of ambrosia
 w - a potion of flight
 B - a potion of curing {@q1}
 I - a potion of agility
 L - a potion of resistance
Comestibles
 e - 14 rations {!d}


   Skills:
 * Level 11.7 Fighting
 * Level 10.3(10.4) Axes
 - Level 1.9(6.8) Maces & Flails
 + Level 7.8 Armour
 + Level 7.8 Shields


You had 10 spell levels left.
You didn't know any spells.
Your spell library contained the following spells:

 Spells                   Type           Power        Failure   Level  Hunger
 Magic Dart               Conj           #...         63%         1    ##.....
 Searing Ray              Conj           #.....       77%         2    ###....
 Dazzling Spray           Conj/Hex       #.....       94%         3    ####...
 Ignite Poison            Fire/Tmut/Pois #.......     94%         3    ####...
 Force Lance              Conj/Tloc      #.......     100%        4    #####..
 Fulminant Prism          Conj/Hex       #.........   100%        4    #####..
 Iskenderun's Mystic Bla  Conj           #.......     100%        4    #####..
 Fireball                 Conj/Fire      #.........   100%        5    ######.
 Bolt of Fire             Conj/Fire      #.........   100%        6    #######
 Ring of Flames           Chrm/Fire      #.........   100%        7    #######
 Ignition                 Fire           #.........   100%        8    #######


Dungeon Overview and Level Annotations

Branches:
Dungeon (11/15)            Temple (1/1) D:7            Lair (0/6) D:10
    Orc (1/2) D:11

Altars:
Ashenzari
Cheibriados
Dithmenos
Elyvilon
Fedhas
Gozag
Hepliaklqana
Kikubaaqudgha
Makhleb
Nemelex Xobeh
Okawaru
Qazlal
Ru
Sif Muna
Trog
Uskayaw
Vehumet
Wu Jian
Xom
Yredelemnul
Zin
The Shining One

Shops:
D:7 *   D:9 :   D:10 }   D:11 *


Innate Abilities, Weirdness & Mutations

You have a pair of small horns on your head.
You are partially covered in yellow scales. (AC +2)
You may emit foul miasma when damaged in melee.
You regenerate health from kills.
You are immune to rotting.


Message History

The troll claws you!
You emit a cloud of foul miasma!
The troll claws you.
The orc warrior hits you with a +0 war axe!
* * * LOW HITPOINT WARNING * * *
The orc priest looks braver for a moment.
You closely miss the orc wizard. You headbutt the orc wizard.
You slash the orc warrior! x2; You hit the orc.
You barely miss the troll.
The orc knight roars a battlecry!
The orcs go into a battle-frenzy!
The troll is engulfed in dark miasma.
The troll is poisoned.
The troll seems to slow down.
The troll bites you!
* * * LOW HITPOINT WARNING * * *
The troll claws you but does no damage. x2
The orc hits you with a +0 short sword.
* * * LOW HITPOINT WARNING * * *
An orc priest comes into view. It is wielding a +0 club.
The orc warrior hits you with a +0 dire flail.
* * * LOW HITPOINT WARNING * * *
An orc comes into view. It is wielding a +0 club.
The troll is engulfed in dark miasma.
The troll looks even sicker.
The troll barely misses you. x3
The orc wizard hits you with a +0 dagger.
* * * LOW HITPOINT WARNING * * *
The orc wizard looks sick.
You emit a cloud of foul miasma!
You hear a howl!
You hear a shout!
You hear a howl!
You hear a shout! x3
The orc shouts!
You hit the orc wizard. You slash the orc warrior! You slash the orc!
You kill the orc!
Okawaru accepts your kill.
You slash the orc wizard!
You hit the orc warrior but do no damage. x2
You completely miss the troll.
You hear a shout!
The orc warrior hits you with a +0 war axe.
* * * LOW HITPOINT WARNING * * *
The orc warrior hits you with a +0 dire flail!!
* * * LOW HITPOINT WARNING * * *
A warg comes into view. x2
The orc wizard is engulfed in dark miasma.
The orc wizard is poisoned.
You kill the orc wizard!
Okawaru accepts your kill.
An orc comes into view. It is wielding a +0 club.
The orc priest hits you.
* * * LOW HITPOINT WARNING * * *
You hear a shout! x5
The orc warrior hits you with a +0 war axe.
* * * LOW HITPOINT WARNING * * *
The orc warrior looks sick.
The orc warrior hits you with a +0 dire flail!
You die...

#..#. h..
#o... ...
##..$. o...
#....##o...
#.....#oh#
...oo...#
#.#o§Th..#..
#.$o@oo..o..
#...)oo......
##...oT.....#
#..........#
#.....#....#.
##.#......#..
##........ .
#.#..$..#


You could see an orc knight, 2 trolls, 3 wargs, 3 orc warriors, 3 orc priests,
an orc wizard and 6 orcs.

Vanquished Creatures
  A yaktaur captain (D:9)
  2 two-headed ogres
  2 tengu warriors (D:11)
  A harpy (D:9)
  An ugly thing (D:11)
  A centaur zombie (D:11)
  2 trolls
  Prince Ribbit (D:5)
  A merfolk (D:9)
  2 hippogriffs
  13 yaks
  Grum (D:8)
  A wyvern (D:10)
  4 hungry ghosts
  3 wargs (D:10)
  An acid dragon (D:8)
  A water moccasin (D:11)
  2 ice beasts (D:10)
  A black bear (D:8)
  6 orc warriors
  2 phantoms
  3 sky beasts
  3 wolves (D:8)
  3 ogres
  An eye of draining (D:9)
  A crocodile (D:8)
  6 centaurs
  A big kobold (D:9)
  2 bullfrogs
  A wyvern zombie (D:11)
  2 scorpions
  16 killer bees
  6 electric eels (D:10)
  5 howler monkeys
  10 crimson imps
  2 bullfrog zombies
  9 hounds
  6 jellies
  4 bullfrog skeletons
  A centaur skeleton (D:5)
  10 orc priests
  16 orc wizards
  An iguana (D:4)
  16 worker ants
  A killer bee zombie (D:7)
  3 hound skeletons
  A howler monkey zombie (D:5)
  A howler monkey skeleton (D:8)
  4 gnolls (D:3)
  11 adders
  A shadow imp (D:8)
  4 oozes
  An adder zombie (D:7)
  3 worms
  3 dart slugs
  66 orcs
  5 giant cockroaches
  4 goblins
  4 hobgoblins
  6 jackals
  11 kobolds
  4 quokkas
  4 ball pythons
  A ball python skeleton (D:4)
  6 bats
  2 frilled lizards
  A quokka skeleton (D:4)
  11 rats
332 creatures vanquished.

Notes
Turn   | Place    | Note
-------+----------+-------------------------------------------
     0 | D:1      | FluffierThanThou the Demonspawn Fighter began the quest for
                  | the Orb.
     0 | D:1      | Reached XP level 1. HP: 18/18 MP: 1/1
   171 | D:1      | Gained mutation: You regenerate a little health from kills.
                  | [demonic ancestry]
   171 | D:1      | Reached XP level 2. HP: 17/24 MP: 2/2
   826 | D:2      | Reached XP level 3. HP: 19/29 MP: 3/3
  1449 | D:3      | Reached skill level 1 in Maces & Flails
  1449 | D:3      | Reached XP level 4. HP: 11/37 MP: 4/4
  1731 | D:3      | Reached skill level 4 in Fighting
  1830 | D:3      | Gained mutation: You regenerate health from kills. [demonic
                  | ancestry]
  1830 | D:3      | Reached XP level 5. HP: 13/42 MP: 5/5
  2672 | D:4      | Reached XP level 6. HP: 49/49 MP: 6/6
  2945 | D:4      | Reached skill level 5 in Fighting
  3081 | D:4      | Found a shadowy altar of Dithmenos.
  3407 | D:5      | Entered Level 5 of the Dungeon
  3435 | D:5      | Gained mutation: You are immune to rotting. [demonic
                  | ancestry]
  3435 | D:5      | Reached XP level 7. HP: 48/56 MP: 7/7
  3514 | D:5      | Found a sacrificial altar of Ru.
  3531 | D:5      | Found an ancient bone altar of Kikubaaqudgha.
  3839 | D:5      | Noticed Prince Ribbit
  3854 | D:5      | Killed Prince Ribbit
  3854 | D:5      | Reached skill level 6 in Fighting
  4046 | D:5      | Gained mutation: You are partially covered in yellow
                  | scales. (AC +2) [demonic ancestry]
  4046 | D:5      | Reached XP level 8. HP: 38/64 MP: 8/8
  4928 | D:6      | Reached skill level 5 in Axes
  5100 | D:6      | Found a shimmering blue altar of Sif Muna.
  5418 | D:7      | Reached skill level 7 in Fighting
  5435 | D:7      | HP: 3/67 [killer bee (5)]
  5654 | D:7      | Reached skill level 5 in Armour
  5654 | D:7      | Reached skill level 5 in Shields
  5700 | D:7      | Found a staircase to the Ecumenical Temple.
  5713 | Temple   | Entered the Ecumenical Temple
  5765 | Temple   | Became a worshipper of Warmaster Okawaru
  6009 | D:7      | Reached XP level 9. HP: 72/72 MP: 9/9
  6055 | D:7      | Found Lereigg's General Store.
  6071 | D:7      | Bought a potion of lignification for 45 gold pieces
  6071 | D:7      | Bought a scroll of remove curse for 45 gold pieces
  6521 | D:8      | Reached * piety under Okawaru
  6525 | D:8      | Reached skill level 8 in Fighting
  6600 | D:8      | Noticed Grum
  6615 | D:8      | Killed Grum
  6621 | D:8      | Reached ** piety under Okawaru
  6648 | D:8      | Noticed a two-headed ogre
  6655 | D:8      | Killed a two-headed ogre
  6655 | D:8      | Reached *** piety under Okawaru
  6655 | D:8      | Reached skill level 9 in Fighting
  6655 | D:8      | Gained mutation: You have a pair of small horns on your
                  | head. [demonic ancestry]
  6655 | D:8      | Reached XP level 10. HP: 45/83 MP: 10/10
  7699 | D:9      | Found Xytesig's Book Shoppe.
  7763 | D:9      | Found a transporter.
  7778 | D:9      | Noticed a harpy
  7778 | D:9      | Noticed a yaktaur captain
  7786 | D:9      | Found a transporter.
  7823 | D:9      | Reached **** piety under Okawaru
  7968 | D:9      | Reached skill level 10 in Fighting
  8450 | D:9      | Killed a yaktaur captain
  8450 | D:9      | Reached ***** piety under Okawaru
  8457 | D:9      | Killed a harpy
  8457 | D:9      | Gained mutation: You may emit foul miasma when damaged in
                  | melee. [demonic ancestry]
  8457 | D:9      | Reached XP level 11. HP: 85/92 MP: 0/11
  8577 | D:10     | Entered Level 10 of the Dungeon
  8594 | D:10     | Found a staircase to the Lair.
  8903 | D:10     | Noticed a two-headed ogre
  8918 | D:10     | Killed a two-headed ogre
  8918 | D:10     | Received a gift from Okawaru
  8966 | D:10     | Reached skill level 11 in Fighting
  8986 | D:10     | Found a bloodstained altar of Trog.
  9008 | D:10     | Found Zoegalec's Gadget Emporium.
  9594 | D:11     | Noticed a tengu warrior
  9601 | D:11     | Noticed a tengu warrior
  9602 | D:11     | Noticed a purple ugly thing
  9608 | D:11     | Killed a tengu warrior
  9608 | D:11     | Reached skill level 10 in Axes
  9616 | D:11     | Killed a tengu warrior
  9617 | D:11     | Killed a purple ugly thing
  9663 | D:11     | Found Ylump's General Store.
  9691 | D:11     | Found a staircase to the Orcish Mines.
  9932 | Orc:1    | Entered Level 1 of the Orcish Mines
  9934 | Orc:1    | Noticed an orc knight
  9938 | Orc:1    | HP: 3/95 [orc priest (3)]
  9939 | Orc:1    | Slain by an orc warrior

Levels and vault maps discovered:
D:1:      lemuel_arrival_cross, layout_loops_ring, minmay_bisected
D:2:      layout_basic, first_ration
D:3:      layout_loops_cross
D:4:      layout_loops_corners, kennysheep_mini
D:5:      layout_loops_ring, minitemple, uniq_prince_ribbit1
D:6:      layout_basic, lemuel_doored_altar
D:7:      layout_rooms, minmay_temple_entry_drinking_statues, serial_shops,
          shop_statue
D:8:      minmay_octagon_keep, layout_basic, uniq_grum
D:9:      gammafunk_sealed_arena, layout_basic, serial_shops,
          nicolae_shop_crystal, hangedman_fish_farm
D:10:     layout_basic, erik_lair_orcish_takeover, serial_shops, shop,
          basic_altar
D:11:     layout_rooms, orc_0_dummy, serial_shops, shop
Temple:   hc_temple_tempest_star
Orc:1:    layout_caves, minmay_orc_keep, uniq_sonja

Skill      XL: |  1  2  3  4  5  6  7  8  9 10 11 |
---------------+----------------------------------+-----
Axes           | 2 3 4 6 7 9 10 | 10.3
Armour         | 3 4 5 6 7 |  7.8
Shields        | 3 4 5 6 7 |  7.8
Maces & Flails | 1 |  1.9
Fighting       | 4 5 6 7 9 10 11 | 11.7

Action                   |  1- 3 |  4- 6 |  7- 9 | 10-12 || total
-------------------------+-------+-------+-------+-------++-------
Melee: War axe           |    47 |       |       |       ||    47
       Whip              |    23 |   165 |   365 |   250 ||   803
       Headbutt          |       |       |       |    91 ||    91
       Battleaxe         |       |       |       |   214 ||   214
Invok: Heroism           |       |       |       |     2 ||     2
  Use: Potion            |       |       |     6 |    11 ||    17
       Scroll            |       |       |     7 |     1 ||     8
  Eat: Chunk             |     1 |     4 |     8 |    11 ||    24
       Ration            |       |     1 |     3 |     3 ||     7
Armor: Scale mail        |    33 |    41 |    36 |     8 ||   118
       Plate armour      |       |       |   154 |   326 ||   480
       Skin              |       |       |       |    58 ||    58
Dodge: Dodged            |    23 |    32 |    54 |   136 ||   245
Block: Shield            |    37 |    47 |   168 |   134 ||   386
